 Dungeon Crawl Stone Soup version 0.25.1-2-g60ff931df9 (webtiles) character file.

Game seed: 13941199173132153140

25 H0rd4k the Insei (level 3, -1/23 HPs)
             Began as an Octopode Transmuter on Sept 23, 2020.
             Slain by an adder (3 damage)
             ... on level 2 of the Dungeon.
             The game lasted 00:00:44 (1309 turns).

H0rd4k the Insei (Octopode Transmuter)              Turns: 1309, Time: 00:00:45

Health: -1/23      AC:  1    Str:  9    XL:     3   Next: 4%
Magic:  6/6        EV: 13    Int: 16    God:
Gold:   65         SH:  0    Dex: 12    Spells: 0/6 levels left

rFire    . . .     SeeInvis .     - Unarmed
rCold    . . .     Gourm    .   (no shield)
rNeg     . . .     Faith    .   (helmet restricted)
rPois    .         Spirit   .   (no amulet)
rElec    .         Reflect  .   b - ring of resist corrosion
rCorr    +         Harm     .   (no ring)
MR       .....                  (no ring)
Stlth    ++........             (no ring)
HPRegen  0.07/turn              (no ring)
MPRegen  0.10/turn              (no ring)
                                (no ring)
                                (no ring)

@: lethally poisoned (-1 -> -5)
A: almost no armour, stealthy swim, amphibious, 8 rings, constrict 8, camouflage
1, gelatinous body 1
a: no special abilities


You were on level 2 of the Dungeon.
You were very hungry.

You visited 1 branch of the dungeon, and saw 2 of its levels.

You collected 65 gold pieces.

Inventory:

Missiles
 a - 12 arrows
Jewellery
 b - a ring of resist corrosion (left tentacle)
Scrolls
 e - a scroll of teleportation {unknown}
 h - a scroll of remove curse {unknown}
Potions
 d - a potion of invisibility {unknown}
 f - 2 potions of curing {unknown}
 g - a potion of might {unknown}
Comestibles
 c - 5 rations


   Skills:
 + Level 1.0 Fighting
 + Level 2.1 Dodging
 + Level 3.8 Unarmed Combat
 * Level 2.0 Spellcasting
 * Level 2.3 Transmutations


You couldn't memorise any spells.
You knew the following spells:

 Your Spells              Type           Power        Failure   Level  Hunger
a - Beastly Appendage     Tmut           #.....       9%          1    #......
b - Sticks to Snakes      Tmut           #.......     12%         2    ###....
c - Spider Form           Tmut/Pois      #.........   36%         3    ###....

Your spell library contained the following spells:

 Spells                   Type           Power        Failure   Level  Hunger
 Ice Form                 Ice/Tmut       #.......     77%         4    #####..
 Blade Hands              Tmut           #.........   92%         5    ######.


Dungeon Overview and Level Annotations

Branches:
Dungeon (2/15)

Altars:


Innate Abilities, Weirdness & Mutations

You cannot wear most types of armour.
You are very stealthy in the water. (Stealth+)
You are amphibious.
You can wear up to eight rings at the same time.
You can use your tentacles to constrict eight enemies at once.
Your skin changes colour to match your surroundings (Stealth+).
Your rubbery body absorbs attacks. (AC +1, EV +1)


Message History

Unknown command.
The goblin shoots a stone.
The stone barely misses you.
Found a stone staircase leading up.
The goblin unwields a +0 hunting sling.
The goblin wields a +0 dagger.
The goblin hits you with a +0 dagger.
You barely miss the goblin.
The adder hisses angrily.
Your grab misses the goblin. The goblin hits you with a +0 dagger.
You closely miss the goblin. You grab the goblin.
Your squeeze misses the goblin. You constrict the goblin. The adder bites you.
* * * LOW HITPOINT WARNING * * *
You are lethally poisoned!
The adder poisons you! The goblin hits you with a +0 dagger.
* * * LOW HITPOINT WARNING * * *
You barely miss the goblin.
The goblin is heavily wounded.
You constrict the goblin.
* * * LOW HITPOINT WARNING * * *
You feel sick. The adder bites you.
You die...

.. #.## .. #<..
## <###..### #.
.. ....... ...
#.#.....##.##
........>..
######Sg.......
.......@.......
####......##...
#####.##(###
#..$...(.#
#........#
#........#
#.......(#
#........#
#.....<..#


You could see an adder and a goblin.

Vanquished Creatures
  2 giant cockroaches (D:1)
  A hobgoblin (D:1)
  3 bats (D:1)
  A frilled lizard (D:1)
  7 goblins (D:1)
  5 kobolds (D:1)
  4 rats
23 creatures vanquished.

Notes
Turn   | Place    | Note
-------+----------+-------------------------------------------
     0 | D:1      | H0rd4k the Octopode Transmuter began the quest for the Orb.
     0 | D:1      | Reached XP level 1. HP: 13/13 MP: 3/3
   295 | D:1      | Reached XP level 2. HP: 12/18 MP: 5/5
  1053 | D:1      | Reached XP level 3. HP: 22/23 MP: 6/6
  1273 | D:1      | Learned a level 2 spell: Sticks to Snakes
  1277 | D:1      | Learned a level 3 spell: Spider Form
  1309 | D:2      | Slain by an adder

Illustrated notes

Levels and vault maps discovered:
D:1:      dpeg_arrival_stone_temple_mockup, layout_basic, serial_park_tiny_1,
          minmay_nonomino_d4
D:2:      layout_rooms, first_ration

Action                   || total
-------------------------++-------
Melee: Unarmed           ||    62
       Constrict         ||    15
       Tentacles         ||     8
 Stab: Sleeping          ||     2
Armor: Skin              ||     4
Dodge: Dodged            ||    38
